 Dungeon Crawl Stone Soup version bcrawl-1.38.3 (webtiles) character file.

Game seed: 11528650654911388506

17768825 kosoiffoigrumme1174 the Brawler (level 27, 318/318 HPs)
             Began as a Troll Chaos Knight on June 27, 2023.
             Was a High Priest of Okawaru.
             Escaped with the Orb
             ... and 3 runes on June 28, 2023!
             The game lasted 03:39:46 (54963 turns).

kosoiffoigrumme1174 the Brawler (TrCK)             Turns: 54963, Time: 03:39:47

Health: 318/318    AC: 30    Str: 39    XL:     27
Magic:  30/30      EV: 23    Int:  9    God:    Okawaru [*****.]
Gold:   3651       SH: 29    Dex: 14    Spells: 12/26 levels left

rFire    + + +     GDR:     29%   - Claws (81.9)
rCold    + + +     SeeInvis +   J - +6 medium shield {AC+3}
rNeg     + + .     Gourm    +   (armour unavailable)
rPois    +         Faith    .   g - +2 hat {MR+}
rElec    .         Spirit   .   Q - +2 cloak {+Inv}
rCorr    .         Reflect  +   (gloves unavailable)
MR       +++++                  (boots unavailable)
Stlth    +.........             i - +5 amulet of reflection
HPRegen  1.43/turn              I - ring "Iclo" {rF++ rN++ Str-2 Slay+4}
MPRegen  0.22/turn              n - ring of poison resistance

@: mighty, heroism
A: large, almost no armour, claws 3, hooves 1, horns 1, rugged brown scales 1,
thin metallic scales 2, see invisible, cold resistance 3, fire resistance 1,
fast metabolism 3, gourmand, low mp 1, magic resistance 2, mutation resistance
1, sense surroundings 1, regeneration 2, robust 1, shaggy fur 1, strong 2, AC
+17
0: Orb of Zot
}: 3/15 runes: serpentine, silver, gossamer
a: Heroism, Finesse, Renounce Religion, Evoke Invisibility


You escaped.
You worshipped Okawaru.
Okawaru was extremely pleased with you.
You were not hungry.

You visited 10 branches of the dungeon, and saw 42 of its levels.

You collected 7715 gold pieces.
You spent 4064 gold pieces at shops.

Inventory:

Hand Weapons
 b - a +3 hunting sling of venom
Missiles
 r - 888 sling bullets
 M - 10 throwing nets {=f}
Armour
 g - a +2 hat of magic resistance (worn)
 J - a +6 medium shield of protection (worn)
 Q - a +2 cloak of invisibility (worn)
Jewellery
 c - the ring "Leefov" {+Fly rN+}
   (You bought it in a shop on level 1 of the Depths)

   [ring of flight]

   It protects you from negative energy.
   It lets you fly.
 i - a +5 amulet of reflection (around neck)
 n - a ring of poison resistance (right claw)
 w - an uncursed ring of insulation
 I - the ring "Iclo" (left claw) {rF++ rN++ Str-2 Slay+4}
   (You acquired it on level 3 of the Depths)

   [ring of slaying]

   It affects your strength (-2).
   It affects your accuracy and damage with ranged weapons and melee attacks
   (+4).
   It greatly protects you from fire.
   It greatly protects you from negative energy.
 K - an uncursed ring of protection from magic
 Z - the amulet of Iria {Acrobat Int+3 Dex+2}
   (You took it off a frost giant on level 4 of the Depths)

   [amulet of the acrobat]

   It helps you evade while moving and waiting.
   It affects your intelligence (+3).
   It affects your dexterity (+2).
Wands
 j - a wand of digging (40)
 v - a wand of paralysis (56)
 D - a wand of acid (26)
 H - a wand of charming (27)
 O - a wand of clouds (17)
 S - a wand of polymorph (59)
 T - a wand of iceblast (28)
 U - a wand of scattershot (19)
 W - a wand of flame (2)
Scrolls
 a - 28 scrolls of teleportation
 d - 6 scrolls of magic mapping
 f - 20 scrolls of remove curse
 h - 13 scrolls of immolation
 o - 5 scrolls of amnesia
 p - 2 scrolls of silence
 t - 4 scrolls of blinking
 y - 12 scrolls of fear
 C - 2 scrolls of brand weapon
 L - 5 scrolls of fog
 Y - 5 scrolls of enchant armour
Potions
 k - 3 potions of berserk rage
 l - 2 potions of haste
 m - 6 potions of flight
 q - 5 potions of lignification
 u - 13 potions of curing
 x - 2 potions of cancellation
 A - 6 potions of agility
 B - 14 potions of mutation
 E - 2 potions of heal wounds
 F - 6 potions of might
 G - 4 potions of invisibility
 R - 4 potions of ambrosia
Miscellaneous
 z - a sack of spiders (inert)
 N - a phial of floods (inert)
 P - a lightning rod (3/4)
 V - a lamp of fire
 X - 5 boxes of beasts
Comestibles
 e - 80 rations {!d}


   Skills:
 - Level 17.9(22.9) Fighting
 + Level 18.3(23.3) Dodging
 + Level 17.4(22.4) Shields
 - Level 18.9(23.9) Unarmed Combat
 - Level 17.0 Invocations
 - Level 15.7 Evocations


You had 12 spell levels left.
You knew the following spells:

 Your Spells              Type           Power        Failure   Level  Hunger
a - Statue Form           Tmut/Erth      #........    100%        6    #######
b - Necromutation         Tmut/Necr      #.......     100%        8    #######

Your spell library contained the following spells:

 Spells                   Type           Power        Failure   Level  Hunger
 Throw Frost              Conj/Ice       #.....       38%         2    ####...
 Apportation              Tloc           #.....       58%         1    None
 Corona                   Hex            #......      58%         1    None
 Freeze                   Ice            #.....       58%         1    None
 Infusion                 Chrm           #.......     58%         1    None
 Magic Dart               Conj           #...         58%         1    None
 Sandblast                Erth           #.....       58%         1    None
 Slow                     Hex            #.......     58%         1    None
 Static Discharge         Air            #.....       58%         1    None
 Sting                    Conj/Pois      #...         58%         1    None
 Summon Butterflies       Summ           #.......     58%         1    None
 Summon Small Mammal      Summ           #...         58%         1    None
 Blink                    Tloc           N/A          73%         2    ####...
 Call Imp                 Summ           #.....       73%         2    ####...
 Corpse Rot               Necr           N/A          73%         2    ####...
 Ensorcelled Hibernation  Hex/Ice        #.....       73%         2    ####...
 Passwall                 Tmut/Erth      #.......     73%         2    ####...
 Poisonous Vapours        Pois/Air       #.....       73%         2    ####...
 Searing Ray              Conj           #.......     73%         2    ####...
 Shackle                  Hex            #.......     73%         2    ####...
 Shock                    Conj/Air       #......      73%         2    ####...
 Swiftness                Chrm/Air       #.......     73%         2    ####...
 Beckoning                Tloc           #.........   91%         3    #####..
 Call Canine Familiar     Summ           #.......     91%         3    #####..
 Confuse                  Hex            #.......     91%         3    #####..
 Conjure Flame            Conj/Fire      #.......     91%         3    #####..
 Dazzling Orbs            Conj/Hex       #......      91%         3    #####..
 False Image              Hex/Summ       #.......     91%         3    #####..
 Inner Flame              Hex/Fire       N/A          91%         3    #####..
 Iskenderun's Mystic Bla  Conj           #.......     91%         3    #####..
 Mephitic Cloud           Conj/Pois/Air  #.......     91%         3    #####..
 Ozocubu's Armour         Chrm/Ice       #.......     91%         3    #####..
 Portal Projectile        Tloc           #.....       91%         3    #####..
 Regeneration             Chrm/Necr      #.........   91%         3    #####..
 Stone Arrow              Conj/Erth      #.....       91%         3    #####..
 Teleport Other           Tloc           #.......     91%         3    #####..
 Tukima's Dance           Hex            #.......     91%         3    #####..
 Airstrike                Air            #.........   100%        4    ######.
 Cause Fear               Hex            #.........   100%        4    ######.
 Force Lance              Tloc           #.......     100%        4    ######.
 Fulminant Prism          Conj/Hex       #.........   100%        4    ######.
 Ice Form                 Ice/Tmut       #.......     100%        4    ######.
 Lightning Bolt           Conj/Air       #.......     100%        4    ######.
 Summon Ice Beast         Ice/Summ       #.......     100%        4    ######.
 Throw Icicle             Conj/Ice       #.......     100%        4    ######.
 Tree Form                Hex/Tmut       N/A          100%        4    ######.
 Yara's Violent Unravell  Hex/Tmut       #.........   100%        4    ######.
 Bolt of Draining         Conj/Necr      #.........   100%        5    #######
 Freezing Cloud           Ice/Air        #.......     100%        5    #######
 Irradiate                Conj/Tmut      #.........   100%        5    #######
 Iskenderun's Battlesphe  Conj/Chrm      #.......     100%        5    #######
 Lee's Rapid Deconstruct  Erth           #.........   100%        5    #######
 Piercing Shot            Chrm           #.........   100%        5    #######
 Silence                  Hex/Air        #.........   100%        5    #######
 Steam Barrier            Chrm/Fire      #.........   100%        5    #######
 Summon Forest            Summ/Tloc      #.........   100%        5    #######
 Summon Lightning Spire   Summ/Air       #.......     100%        5    #######
 Summon Mana Viper        Hex/Summ       #.......     100%        5    #######
 Aura of Abjuration       Summ           #.........   100%        6    #######
 Bolt of Cold             Conj/Ice       #.........   100%        6    #######
 Darkness                 Hex            #.........   100%        6    #######
 Deflect Missiles         Chrm/Air       #.........   100%        6    #######
 Dispersal                Tloc           #.........   100%        6    #######
 Invisibility             Hex            #.......     100%        6    #######
 Iron Shot                Conj/Erth      #.........   100%        6    #######
 Poison Arrow             Conj/Pois      #.........   100%        6    #######
 Summon Hydra             Summ           #.........   100%        6    #######
 Controlled Blink         Tloc           #.......     100%        7    #######
 Dragon Form              Tmut           #......      100%        7    #######
 Monstrous Menagerie      Summ           #.........   100%        7    #######
 Chain Lightning          Conj/Air       #.........   100%        8    #######
 Time Stop                Chrm/Tloc      N/A          100%        8    #######
 Tornado                  Tloc/Air       #.........   100%        8    #######
 Shatter                  Erth           #.........   100%        9    #######
 Passage of Golubria      Tloc           Unusable     N/A         5    N/A

Dungeon Overview and Level Annotations

Branches:
Dungeon (12/12)            Temple (1/1) D:7            Lair (6/6) D:7
  Snake (3/3) Lair:3       Spider (3/3) Lair:2        Slime (0/5) Lair:5
    Orc (1/1) D:9             Elf (3/3) Orc          Vaults (3/3) D:12
  Crypt (0/2) Vaults:1     Depths (5/5) D:12            Zot (5/5) Depths:5

Altars:
Ashenzari
Cheibriados
Dithmenos
Elyvilon
Fedhas
Gozag
Hepliaklqana
Kikubaaqudgha
Lugonu
Makhleb
Nemelex Xobeh
Okawaru
Qazlal
Ru
Sif Muna
Trog
Uskayaw
Vehumet
Wu Jian
Xom
Yredelemnul
Zin
The Shining One
Beogh
Jiyva

Shops:
D:5 ?   D:8 [   D:9 ?   D:10 [*%(   Orc *([?:[   Elf:1 *   Elf:2 [
Snake:1 ==}   Snake:3 *   Vaults:1 (   Vaults:2 (   Depths:1 ::=[   Depths:4 }

Portals:
Hell: Depths:1 Depths:2 Depths:3 Depths:4 Depths:5
Abyss: Spider:2 Depths:4 Depths:5
Pandemonium: Depths:1 Depths:2 Depths:3 Depths:5
Ziggurat: Depths:1

Annotations:
Lair:3 3 runed translucent doors, Feulaj's ghost, journeyman MiBe
Lair:5 1 runed translucent door, kosoiffoigrumme1174's ghost, journeyman TrAc
Spider:1 2 transporters, Galewind's ghost, adept AvCj
Depths:1 exclusion: great orb of eyes
Depths:2 1 runed door
Zot:1 2 transporters
Zot:2 1 runed translucent door, vcxz's ghost, legendary NaAc


Innate Abilities, Weirdness & Mutations

You cannot wear most types of armour.
Your thick skin is tough. (AC +17)
You are too large for most types of armour.
You have claws for hands.
Your flesh is almost immune to the effects of cold. (rC+++)
Your flesh is heat resistant. (rF+)
Your metabolism is lightning-fast.
You like to eat raw meat.
You heal very quickly.
You have large cloven feet.
You have a pair of small horns on your head.
You are partially covered in rugged brown scales. (AC +1, +3% HP)
You are mostly covered in thin metallic scales. (AC +3)
You have supernaturally acute eyesight. (SInv)
Your magical capacity is low. (-10% MP)
You are highly resistant to hostile enchantments. (MR++)
You are somewhat resistant to further mutation.
You passively map a small area around you.
You are robust. (+10% HP)
You are covered in fur. (AC +1)
Your muscles are very strong. (Str +4)


Message History

An eye of draining and a hobgoblin come into view.
You eviscerate the eye of draining!!!!
You kill the eye of draining!
Okawaru accepts your kill.
Your cleaving frenzy subsides.
You block the hobgoblin's attack.
You claw the hobgoblin!
You kill the hobgoblin!
No target in view!
Your claws slow down.
There is a stone staircase leading up here.
You climb upwards.
There is a stone staircase leading down here.
There is a stone staircase leading up here.
You climb upwards.
There is a stone staircase leading down here.
There is a staircase leading out of the dungeon here.
Search for what [? for help]? .
The power of the Orb breaks the dimensional shunt like a soap bubble!
You have escaped!

.## #..........## #.##...
..###.##....#### #.##...
...#..##....###############.##...
.....###.##.##...................
[#...............##..######.##...
.###..........##.#.......##.##...
...#...§≈≈≈§§..#....≈≈≈≈....##...
.......≈≈≈≈§§......≈≈≈≈≈≈...##...
...##..≈≈≈≈§§..>@..≈≈≈≈≈≈.#.##...
#......≈≈≈≈≈≈......≈≈≈≈≈≈.#.##.##
..##....≈≈≈≈..####..≈≈≈≈....##.#
..###..[.....## ##........###.#
....##.......# #.#.....## #.##
###.####.##..## ##.....### #... #
#.# #....÷.####..#...# #(.. #.#
###..#......##..## #... #.#
##..#...####..#######...


There were no monsters in sight!

Vanquished Creatures
  4 juggernauts
  7 ancient liches
  4 orbs of fire (Zot:5)
  Mennas (Vaults:3)
  Bai Suzhen (Vaults:1)
  10 golden dragons
  7 Killer Klowns
  A curse toe (Zot:5)
  2 caustic shrikes (Depths:4)
  Saint Roka (Depths:3)
  2 rockslimes
  2 Shadow Fiends
  5 electric golems
  Rupert (Lair:5)
  3 Orb Demons
  Jorgrun (Elf:2)
  14 tentacled monstrosities
  A titan (Depths:2)
  33 Orb Guardians
  5 liches (Vaults:3)
  4 deep elf master archers (Elf:3)
  2 deep elf blademasters (Elf:3)
  5 quicksilver dragons
  6 sphinxes
  22 storm dragons
  11 death cobs
  Agnes (Elf:2)
  Kirke (Lair:3)
  A ghoul (Vaults:3)
  6 draconian monks
  Roxanne (Snake:3)
  Donald (Elf:2)
  6 shadow dragons
  9 tengu reavers
  10 fire giants
  A balrug (Depths:5)
  5 nagarajas (Snake:3)
  Louise (Depths:4)
  5 draconian knights
  5 frost giants
  2 war gargoyles (Vaults:3)
  A daeva (Depths:5)
  9 vault wardens
  A cacodemon (D:4)
  4 emperor scorpions (Spider:3)
  9 deep elf sorcerers
  3 spectral caustic shrikes (Depths:4)
  3 orc warlords
  9 ghost moths
  An iron dragon (Vaults:3)
  A spriggan defender (Depths:3)
  3 eyes of devastation
  9 ironheart preservers
  2 draconian stormcallers
  37 very ugly things
  2 draconian annihilators
  A reaper (Depths:2)
  A caustic shrike skeleton (Depths:1)
  A draconian scorcher (Depths:5)
  17 stone giants
  A juggernaut skeleton (Depths:3)
  3 draconian shifters
  A vampire knight (Depths:1)
  3 deep elf demonologists
  7 green draconians
  8 black draconians
  4 deep elf annihilators
  9 red draconians
  4 entropy weavers
  8 spark wasps
  7 purple draconians
  7 white draconians
  3 deep elf death magi
  8 yellow draconians
  A blizzard demon (Depths:1)
  9 ettins
  The ghost of Rofik the Blocker, a journeyman GnFi of Elyvilon (Elf:2)
  Azrael (Snake:1)
  10 fire dragons
  2 crystal guardians (Vaults:3)
  3 deep elf high priests (Elf:3)
  10 yaktaur captains
  16 naga warriors
  7 rakshasas
  8 ice dragons
  2 monstrous demonspawn (Depths:2)
  3 spriggan air magi
  27 vault guards
  A shadow wraith (Vaults:3)
  A hell beast (Depths:5)
  6 hydras
  6 anacondas
  5 catoblepae
  11 great orbs of eyes
  4 ogre magi
  18 two-headed ogres
  2 alligators
  2 death knights
  6 tengu warriors
  31 dancing weapons
  2 deep troll shamans
  12 death yaks
  2 vampire magi
  3 orc high priests (Orc)
  2 deep troll earth magi (Depths:4)
  A hell hog (Zot:5)
  6 shock serpents
  6 naga sharpshooters
  6 spriggan berserkers
  17 deep elf knights
  Nergalle (D:10)
  19 centaur warriors
  11 deep trolls
  A fire crab (shapeshifter) (Depths:2)
  A soul eater (Depths:3)
  3 sun demons
  7 hell knights
  A sixfirhy (Depths:2)
  A storm dragon skeleton (Depths:2)
  2 iron trolls
  3 salamander mystics
  A death drake (Elf:3)
  An unseen horror (D:12)
  11 deep elf archers
  A glowing orange brain (Depths:5)
  2 flayed ghosts
  5 mana vipers (Snake:1)
  9 wizards
  3 naga ritualists
  3 wolf spider zombies (D:12)
  45 deep elf magi
  15 ironheart convokers
  2 orc knights
  4 necromancers
  2 phantasmal warriors (Vaults:3)
  21 wolf spiders
  A harpy (shapeshifter) (Depths:4)
  12 salamanders
  2 cyclopes
  A stone giant zombie (Depths:2)
  30 ugly things
  10 orc sorcerers
  An iron dragon zombie (Depths:3)
  15 orb spiders
  A salamander (shapeshifter) (Depths:3)
  2 manticores (Lair:6)
  A frost giant zombie (Depths:2)
  A fire giant zombie (Depths:1)
  16 elephants
  A black mamba (shapeshifter) (Vaults:3)
  22 moths of wrath
  23 black mambas
  4 orange demons
  6 guardian serpents
  12 vault sentinels
  17 naga magi
  A cane toad (shapeshifter) (Depths:2)
  A titan simulacrum (Depths:2)
  A smoke demon (Depths:2)
  4 gargoyles
  10 cane toads
  7 torpor snails
  5 demonic crawlers
  A rime drake (shapeshifter) (Depths:2)
  24 jumping spiders
  6 freezing wraiths
  A tormentor (Zot:5)
  2 eyes of draining
  An ice devil (Depths:1)
  4 komodo dragons
  A hellwing (Depths:1)
  19 yaktaurs
  A wolf spider simulacrum (D:12)
  4 red devils
  2 tengu conjurers
  7 trolls
  11 hornets
  2 polar bears
  2 hornets (shapeshifter)
  2 harpy skeletons (D:12)
  5 blink frogs (Lair:1)
  2 hippogriffs (shapeshifter) (Depths:2)
  A tengu simulacrum (Depths:3)
  3 meliai zombies
  2 stone giant simulacra (Depths:1)
  6 slime creatures
  2 snapping turtles
  A frost giant simulacrum (Depths:3)
  7 hippogriffs
  2 spriggans (Depths:5)
  A large abomination (Depths:3)
  16 tarantellas
  An air elemental (Elf:1)
  6 wyverns
  61 yaks
  2 water elementals (Depths:1)
  2 basilisks
  2 wraiths (Vaults:2)
  5 fire elementals
  4 hogs
  A chaos spawn (Depths:2)
  A steam dragon (D:6)
  A hungry ghost (D:8)
  3 neqoxecs
  33 redbacks
  A spatial vortex (Depths:4)
  4 vampire mosquitoes
  A yaktaur simulacrum (Vaults:3)
  48 nagas
  2 swamp worms (shapeshifter)
  8 water moccasins
  A warg (Vaults:1)
  An acid dragon (shapeshifter) (Depths:2)
  9 crocodiles
  A tengu skeleton (Depths:1)
  3 porcupines
  9 hell hounds
  5 sky beasts
  34 orc warriors
  Duvessa (D:6)
  3 soldier ants (D:8)
  An ettin simulacrum (Vaults:3)
  A black bear (shapeshifter) (Depths:2)
  4 phantoms
  2 black bears
  5 necrophages
  A hornet zombie (D:11)
  6 boggarts
  10 wolves
  15 ogres
  3 kobold brigands (D:9)
  12 bullfrogs
  2 gnoll sergeants (D:9)
  4 earth elementals
  10 centaurs
  Dowan (D:6)
  A wyvern skeleton (D:7)
  2 scorpions
  A water moccasin skeleton (D:5)
  5 killer bees
  A wight (D:6)
  2 howler monkeys
  2 electric eels
  23 orc priests
  9 crimson imps
  A lava snake (D:8)
  A wolf skeleton (D:10)
  2 bullfrog skeletons (D:8)
  A bullfrog zombie (D:5)
  17 orc wizards
  7 hounds
  An iron imp (Depths:2)
  3 iguanas
  13 worker ants
  A killer bee zombie (D:5)
  13 gnolls
  13 adders
  5 shadow imps
  2 ufetubi (Depths:2)
  An ooze (D:2)
  An adder zombie (D:6)
  An adder skeleton (D:9)
  11 worms
  A leopard gecko (shapeshifter) (Vaults:3)
  3 leopard geckos
  92 orcs
  4 bats
  3 giant cockroaches
  10 goblins
  7 hobgoblins
  7 jackals
  8 kobolds
  3 quokkas
  4 frilled lizards
  A quokka skeleton (D:3)
  4 rats
  2 fire vortices (D:11)
  A lurking horror (Spider:2)
1787 creatures vanquished.

Vanquished Creatures (collateral kills)
  A Killer Klown (Zot:3)
  Frederick (Depths:3)
  A rockslime (Zot:1)
  A tentacled monstrosity (Vaults:3)
  A deep elf sorcerer (Elf:3)
  A fire giant (Depths:3)
  2 deep elf elementalists (Elf:3)
  An ironheart preserver (Vaults:1)
  A stone giant (Depths:1)
  A draconian annihilator (Zot:3)
  2 deep elf demonologists (Elf:3)
  3 deep elf annihilators
  An entropy weaver (Spider:2)
  A lorocyproca (D:10)
  3 deep elf death magi
  A fire dragon (Depths:5)
  A rakshasa (Snake:1)
  A yaktaur captain (Vaults:3)
  2 vault guards
  3 naga warriors (Snake:2)
  An anaconda (Snake:2)
  A two-headed ogre (D:12)
  2 naga sharpshooters
  A shock serpent (Snake:1)
  A deep elf knight (Vaults:3)
  A salamander mystic (Depths:3)
  A glowing orange brain (Depths:5)
  An ironheart convoker (Vaults:1)
  6 deep elf magi
  2 wolf spiders (Spider:2)
  3 salamanders
  2 ugly things
  A guardian serpent (Snake:2)
  2 naga magi
  3 demonic crawlers (Spider:2)
  2 jumping spiders
  A tarantella (Spider:2)
  A spriggan (Depths:3)
  2 water elementals (Depths:1)
  5 redbacks
  3 nagas
  A water moccasin (Lair:3)
  An earth elemental (Elf:2)
  An orc priest (D:7)
  2 orcs (D:7)
  A lurking horror (Spider:2)
77 creatures vanquished.

Vanquished Creatures (others)
  Aizul (Snake:1)
  8 stone giants
  A red draconian (Zot:3)
  A white draconian (Zot:3)
  A deep elf high priest (Depths:5)
  2 yaktaur captains
  3 dancing weapons
  A sun demon (Depths:3)
  2 centaur warriors (Vaults:3)
  A necromancer (D:12)
  A mana viper (shapeshifter) (Vaults:3)
  2 orc sorcerers
  2 deep elf magi
  An ugly thing (Vaults:3)
  A salamander (shapeshifter) (Vaults:1)
  2 moths of wrath (Zot:5)
  A naga mage (Snake:2)
  A cane toad (Lair:2)
  A yaktaur (Depths:5)
  A naga (Snake:2)
  A boggart (Depths:3)
  A worker ant (D:6)
  An orc (D:6)
  4 bushes (Elf:2)
  10 fungi
  37 plants
88 creatures vanquished.

Grand Total: 1952 creatures vanquished

Notes
Turn   | Place    | Note
-------+----------+-------------------------------------------
     0 | D:1      | kosoiffoigrumme1174 the Troll Chaos Knight began the quest
                  | for the Orb.
     0 | D:1      | Reached XP level 1. HP: 22/22 MP: 0/0
   134 | D:1      | Reached XP level 2. HP: 29/29 MP: 1/1
   348 | D:1      | XOM: silly message
   656 | D:2      | XOM: god gift: scroll labeled IDONOPSY YWEY {god gift}
   713 | D:2      | XOM is BORED!
   713 | D:2      | Found a shadowy altar of Dithmenos.
   713 | D:2      | XOM: 5-stop teleportation journey
   722 | D:2      | Reached XP level 3. HP: 37/37 MP: 2/2
   856 | D:2      | XOM: give mutations
   856 | D:2      | Gained mutation: You are robust. (+10% HP) [Xom's grace]
   856 | D:2      | Gained mutation: You passively map a small area around you.
                  | [Xom's grace]
   861 | D:2      | Found a radiant altar of Vehumet.
   931 | D:2      | Found a shimmering blue altar of Sif Muna.
  1141 | D:2      | XOM: polymorph gnoll -> frilled lizard
  1432 | D:2      | XOM: god gift: scroll labeled GAINTO MIKIDGH {god gift}
  1511 | D:2      | XOM: give mutations
  1511 | D:2      | Gained mutation: You are very robust. (+20% HP) [Xom's
                  | grace]
  1511 | D:2      | Gained mutation: You are covered in fur. (AC +1) [Xom's
                  | grace]
  1511 | D:2      | Gained mutation: You have a pair of small horns on your
                  | head. [Xom's grace]
  1807 | D:3      | Gained mutation: Your natural rate of healing is unusually
                  | fast. [Troll growth]
  1807 | D:3      | Reached XP level 4. HP: 54/54 MP: 3/3
  2042 | D:3      | XOM: smoke on damage
  2191 | D:3      | Noticed a necrophage
  2204 | D:3      | Killed a necrophage
  2205 | D:3      | Reached XP level 5. HP: 56/64 MP: 4/4
  2275 | D:3      | XOM: god gift: rapier {god gift}
  2585 | D:4      | Reached skill level 5 in Unarmed Combat
  2750 | D:4      | XOM is BORED!
  2750 | D:4      | XOM: 3-stop teleportation journey
  2762 | D:4      | Reached XP level 6. HP: 70/75 MP: 5/5
  3063 | D:4      | XOM: scenery: create altars
  3246 | D:5      | Entered Level 5 of the Dungeon
  3266 | D:5      | XOM: 2-stop teleportation journey
  3559 | D:5      | XOM: fog
  3569 | D:5      | Reached skill level 5 in Fighting
  3569 | D:5      | Reached XP level 7. HP: 56/86 MP: 6/6
  3675 | D:5      | Found Sesesaag's Magic Scroll Emporium.
  3682 | D:5      | Bought a scroll of identify for 22 gold pieces
  3682 | D:5      | Bought a scroll of identify for 22 gold pieces
  3855 | D:5      | Bought a scroll of fear for 55 gold pieces
  3855 | D:5      | Bought a scroll of enchant armour for 82 gold pieces
  3855 | D:5      | Bought a scroll of enchant armour for 82 gold pieces
  4022 | D:5      | Noticed a hippogriff
  4027 | D:5      | Killed a hippogriff
  4170 | D:5      | Reached skill level 1 in Evocations
  4207 | D:5      | XOM: scenery: create altars
  4259 | D:5      | Found a corrupted altar of Lugonu.
  4355 | D:6      | XOM: polymorph orc warrior -> killer bee
  4377 | D:6      | XOM: fake destruction
  4380 | D:6      | Reached XP level 8. HP: 44/99 MP: 8/8
  4558 | D:6      | XOM: mild Chrm miscast
  4631 | D:6      | XOM: smoke on damage
  4634 | D:6      | XOM: potion effect (brilliance)
  4720 | D:6      | XOM: cloud trail
  4755 | D:6      | XOM: scenery: create altars
  4802 | D:6      | XOM: confuse monster(s)
  4872 | D:6      | Found a shattered altar of Ashenzari.
  4875 | D:6      | Noticed Dowan
  4876 | D:6      | Noticed Duvessa
  4883 | D:6      | Killed Dowan
  4893 | D:6      | Killed Duvessa
  4958 | D:6      | XOM: torment (51/99 hp)
  4966 | D:6      | Reached skill level 5 in Dodging
  5138 | D:6      | XOM: confuse monster(s)
  5317 | D:6      | Reached XP level 9. HP: 98/106 MP: 11/11
  5461 | D:6      | XOM: fog
  5505 | D:6      | Noticed a brown ugly thing
  5506 | D:6      | XOM: harmless Chrm miscast
  5507 | D:6      | Noticed a centaur warrior
  5521 | D:6      | XOM: harmless Air miscast
  5605 | D:6      | XOM: god gift: ration
  5785 | D:6      | XOM: summons 5 friendly demons
  5787 | D:6      | XOM: enchant monster (good)
  5798 | D:6      | Killed a brown ugly thing
  5799 | D:6      | Reached skill level 5 in Evocations
  5815 | D:6      | Killed a centaur warrior
  5926 | D:6      | XOM: give mutations
  5926 | D:6      | Gained mutation: Your system is resistant to poisons.
                  | (rPois) [Xom's grace]
  5926 | D:6      | Gained mutation: Your spells are a little harder to cast,
                  | but a little more powerful. [Xom's grace]
  5926 | D:6      | Gained mutation: You have large cloven feet. [Xom's grace]
  5933 | D:6      | XOM: give mutations
  5933 | D:6      | Gained mutation: You are somewhat resistant to further
                  | mutation. [Xom's grace]
  5933 | D:6      | Gained mutation: You passively map the area around you.
                  | [Xom's grace]
  5933 | D:6      | Gained mutation: Your flesh is cold resistant. (rC+) [Xom's
                  | grace]
  5970 | D:7      | Noticed a troll
  5977 | D:7      | Killed a troll
  5983 | D:7      | XOM: god gift: weird jewelled staff {god gift}
  6060 | D:7      | Found a staircase to the Ecumenical Temple.
  6069 | Temple   | XOM: stealth player
  6069 | Temple   | Entered the Ecumenical Temple
  6254 | Temple   | Fell from the grace of Xom
  6254 | Temple   | Became a worshipper of Warmaster Okawaru
  6320 | D:7      | XOM: cloud trail
  6335 | D:7      | XOM: noise
  6337 | D:7      | Reached XP level 10. HP: 78/120 MP: 13/13
  6372 | D:7      | XOM: noise
  6455 | D:7      | XOM: enchant monster (good)
  6526 | D:7      | Found a staircase to the Lair.
  6731 | D:7      | Found a hazy altar of Hepliaklqana.
  6993 | D:7      | Reached * piety under Okawaru
  7371 | D:8      | XOM: draining
  7441 | D:8      | XOM: swap monsters
  7587 | D:8      | XOM: medium Tloc miscast
  7638 | D:8      | Found Tedeabbi's Armour Emporium.
  7638 | D:8      | XOM: 2-stop teleportation journey
  7639 | D:8      | Bought a +0 medium shield for 45 gold pieces
  7661 | D:8      | XOM: confusion (+ monsters)
  7680 | D:8      | Reached ** piety under Okawaru
  7690 | D:8      | Reached skill level 1 in Shields
  7796 | D:8      | Found a hide-covered altar of Uskayaw.
  7840 | D:8      | XOM: smoke on damage
  7925 | D:8      | Noticed a gargoyle
  7926 | D:8      | XOM: blink monster(s)
  7934 | D:8      | Killed a gargoyle
  8065 | D:8      | XOM: harmless Tmut miscast
  8129 | D:8      | XOM: summons 1 hostile demon
  8388 | D:8      | XOM: silly message
  8408 | D:8      | Found a roughly hewn altar of Beogh.
  8628 | D:9      | XOM: summons 2 friendly demons
  8653 | D:9      | XOM: harmless Chrm miscast
  8708 | D:9      | Found a staircase to the Orcish Mines.
  8725 | D:9      | XOM: divination: magic mapping
  8735 | D:9      | XOM: 2-stop teleportation journey
  8761 | D:9      | Reached XP level 11. HP: 118/130 MP: 15/15
  8785 | D:9      | XOM: blink monster(s)
  8968 | D:9      | Found Bophegg's Magic Scroll Boutique.
  8983 | D:9      | Bought a scroll of identify for 22 gold pieces
  8983 | D:9      | Bought a scroll of identify for 22 gold pieces
  8983 | D:9      | Bought a scroll of identify for 22 gold pieces
  8987 | D:9      | Bought a scroll of identify for 22 gold pieces
  8987 | D:9      | Bought a scroll of identify for 22 gold pieces
  9094 | D:9      | Bought a scroll of teleportation for 33 gold pieces
  9094 | D:9      | Bought a scroll of teleportation for 33 gold pieces
  9094 | D:9      | Bought a scroll of blinking for 82 gold pieces
  9270 | D:9      | Reached *** piety under Okawaru
  9272 | D:9      | Reached skill level 5 in Shields
  9359 | D:9      | XOM: harmless Ice miscast
  9507 | D:9      | XOM: scenery: create altars
  9523 | D:9      | Noticed a deep elf mage
  9541 | D:9      | Killed a deep elf mage
  9544 | D:9      | XOM: enchant monster (bad)
  9700 | D:9      | Found a staircase to the Orcish Mines.
  9760 | D:9      | Found Bophegg's Magic Scroll Boutique.
 10061 | D:10     | Entered Level 10 of the Dungeon
 10104 | D:10     | Noticed Nergalle
 10111 | D:10     | XOM: enchant monster (good)
 10122 | D:10     | Killed Nergalle
 10123 | D:10     | Reached skill level 1 in Invocations
 10215 | D:10     | Found Hadamoj's Weapon Emporium.
 10233 | D:10     | Reached **** piety under Okawaru
 10289 | D:10     | Found Kegiv's Food Emporium.
 10415 | D:10     | Noticed a four-headed hydra
 10432 | D:10     | Killed a four-headed hydra
 10433 | D:10     | Reached skill level 5 in Invocations
 10493 | D:10     | Got an ebony short sword
 10521 | D:10     | Found Addayli's Assorted Antiques.
 10526 | D:10     | Bought a scroll of identify for 54 gold pieces
 10527 | D:10     | Bought a potion of heal wounds for 135 gold pieces
 10527 | D:10     | Bought a scroll of identify for 54 gold pieces
 10600 | D:10     | Found Tagg's Armour Boutique.
 10618 | D:10     | Noticed a cyclops
 10625 | D:10     | Noticed a two-headed ogre
 10626 | D:10     | XOM: medium Conj miscast
 10628 | D:10     | Killed a cyclops
 10632 | D:10     | Killed a two-headed ogre
 10913 | D:10     | XOM: harmless Air miscast
 11013 | D:11     | Noticed a centaur warrior
 11017 | D:11     | XOM: confuse monster(s)
 11027 | D:11     | Killed a centaur warrior
 11072 | D:11     | Noticed a two-headed ogre
 11073 | D:11     | Noticed a two-headed ogre
 11075 | D:11     | Noticed a two-headed ogre
 11075 | D:11     | Noticed a two-headed ogre
 11075 | D:11     | Noticed an ogre mage
 11081 | D:11     | XOM: polymorph something unseen -> hog
 11082 | D:11     | XOM: enchant monster (good)
 11084 | D:11     | Killed a two-headed ogre
 11085 | D:11     | Gained mutation: You heal very quickly. [Troll growth]
 11085 | D:11     | Reached XP level 12. HP: 133/141 MP: 13/17
 11087 | D:11     | Killed a two-headed ogre
 11093 | D:11     | XOM: enchant monster (bad)
 11094 | D:11     | Killed a two-headed ogre
 11105 | D:11     | Killed a two-headed ogre
 11105 | D:11     | Reached ***** piety under Okawaru
 11232 | D:11     | XOM: medium Fire miscast
 11258 | D:11     | XOM: cleaving
 11426 | D:11     | Reached skill level 10 in Invocations
 11448 | D:11     | Got a bloodstained quarterstaff
 11485 | D:11     | Got an encrusted falchion
 11793 | D:11     | XOM: mild Fire miscast
 11867 | D:12     | Entered Level 12 of the Dungeon
 11891 | D:12     | Noticed a vault guard
 11899 | D:12     | XOM: smoke on damage
 11914 | D:12     | XOM: blink monster(s)
 11929 | D:12     | Killed a vault guard
 11931 | D:12     | XOM: chaos upgrade
 11944 | D:12     | XOM: give mutations
 11944 | D:12     | Lost mutation: You are somewhat resistant to further
                  | mutation. [Xom's mischief]
 11944 | D:12     | Gained mutation: Your magical capacity is low. (-10% MP)
                  | [Xom's mischief]
 11944 | D:12     | Lost mutation: You are very robust. (+20% HP) [Xom's
                  | mischief]
 11944 | D:12     | Lost mutation: You are robust. (+10% HP) [Xom's mischief]
 11952 | D:12     | XOM: swap monsters
 11956 | D:12     | XOM: stat loss: -1 Str (22/23)
 12105 | D:12     | XOM: chaos upgrade
 12157 | D:12     | Noticed a two-headed ogre
 12158 | D:12     | XOM: cast spell 'Summon Hydra'
 12163 | D:12     | Killed a two-headed ogre
 12184 | D:12     | Paralysed by an orc sorcerer for 3 turns
 12186 | D:12     | XOM: confuse monster(s)
 12187 | D:12     | XOM: summons 9 friendly demons
 12189 | D:12     | Noticed a vault guard
 12202 | D:12     | Noticed a vault guard
 12202 | D:12     | Killed a vault guard
 12202 | D:12     | Received a gift from Okawaru
 12204 | D:12     | Got a dazzling quick blade {god gift}
 12205 | D:12     | XOM: summons friendly ufetubus
 12255 | D:12     | Killed a vault guard
 12258 | D:12     | Identified the +3 quick blade of Destruction {freeze, Dex+4
                  | Stlth+} (Okawaru gifted it to you on level 12 of the
                  | Dungeon)
 12286 | D:12     | XOM: confuse monster(s)
 12287 | D:12     | Noticed a vault guard
 12312 | D:12     | Killed a vault guard
 12356 | D:12     | Found a gate to the Vaults.
 12381 | D:12     | XOM: cleaving
 12508 | D:12     | XOM: smoke on damage
 12554 | D:12     | Noticed an ogre mage
 12555 | D:12     | XOM: potion effect (might)
 12555 | D:12     | Noticed a two-headed ogre
 12556 | D:12     | Noticed a two-headed ogre
 12557 | D:12     | Noticed a two-headed ogre
 12558 | D:12     | Noticed a two-headed ogre
 12569 | D:12     | Killed an ogre mage
 12570 | D:12     | Killed a two-headed ogre
 12571 | D:12     | Reached XP level 13. HP: 99/124 MP: 16/19
 12572 | D:12     | XOM: harmless Air miscast
 12574 | D:12     | Received a gift from Okawaru
 12581 | D:12     | Reached ****** piety under Okawaru
 12599 | D:12     | XOM: mild Necr miscast
 12616 | D:12     | XOM: silly message
 12664 | D:12     | Got a vibrating tin ring
 12666 | D:12     | Identified the ring "Weuce" {Dex+2 Stlth--} (You found it
                  | on level 12 of the Dungeon)
 12773 | D:12     | XOM: chaos cloud
 12775 | D:12     | XOM: noise
 12808 | D:12     | Got an ancient wooden ring
 13016 | D:12     | XOM: blink monster(s)
 13214 | D:12     | XOM: stat loss: -1 Str (22/23)
 13338 | D:12     | XOM: enchant monster (bad)
 13377 | D:12     | XOM: divine lightning
 13473 | D:12     | Found a staircase to the Depths.
 13709 | Lair:1   | Entered Level 1 of the Lair of Beasts
 13809 | Lair:1   | XOM: mild Erth miscast
 13998 | Lair:1   | Identified the ring of Wisdom {Ice *Corrode Int+5} (You
                  | found it on level 12 of the Dungeon)
 14033 | Lair:1   | Reached skill level 15 in Invocations
 14091 | Lair:1   | Got a fine amber ring
 14107 | Lair:1   | Identified the ring "Boilailo" {Fire rN+} (You found it on
                  | level 1 of the Lair of Beasts)
 14109 | Lair:1   | XOM: god gift: cyan potion {god gift}
 14115 | Lair:1   | XOM: enchant monster (good)
 14129 | Lair:1   | XOM: scenery: create altars
 14241 | Lair:1   | Received a gift from Okawaru
 14242 | Lair:1   | Got a steaming medium shield {god gift}
 14242 | Lair:1   | XOM: enchant monster (good)
 14282 | Lair:1   | Identified the +5 medium shield of Kolexiy {rCorr Str-2
                  | SInv} (Okawaru gifted it to you on level 1 of the Lair of
                  | Beasts)
 14400 | Lair:1   | XOM: mild Ice miscast
 14525 | Lair:2   | Found a hole to the Spider Nest.
 14601 | Lair:2   | XOM: harmless Tloc miscast
 14602 | Lair:2   | XOM: god gift: 92 javelins of penetration
 14603 | Lair:2   | XOM: severe Fire miscast
 15136 | Lair:2   | Found a snail-covered altar of Cheibriados.
 15616 | Lair:3   | XOM: 2-stop teleportation journey
 15625 | Lair:3   | XOM: noise
 15663 | Lair:3   | Found a staircase to the Snake Pit.
 15837 | Lair:3   | Found a runed translucent gate.
 15837 | Lair:3   | Found a runed translucent gate.
 15838 | Lair:3   | Found a runed translucent gate.
 15882 | Lair:3   | Noticed Feulaj's ghost (journeyman MiBe)
 15915 | Lair:3   | XOM: give mutation
 15915 | Lair:3   | Lost mutation: You passively map the area around you.
                  | [Xom's mischief]
 15971 | Lair:3   | Noticed Kirke
 15972 | Lair:3   | XOM: medium Chrm miscast
 15998 | Lair:3   | XOM: summons friendly shadow imp
 16010 | Lair:3   | Killed Kirke
 16011 | Lair:3   | Reached XP level 14. HP: 21/136 MP: 17/21
 16114 | Lair:3   | XOM: cloud trail
 16301 | Lair:3   | XOM: mild Air miscast
 16365 | Lair:3   | Got an encrusted glaive
 16808 | Lair:4   | XOM: confuse monster(s)
 16826 | Lair:4   | XOM: enchant monster (good)
 16838 | Lair:4   | XOM: polymorph elephant -> basilisk
 16935 | Lair:4   | XOM: destruction
 16940 | Lair:4   | Received a gift from Okawaru
 16941 | Lair:4   | Found the +18 shield of the Gong {rElec rN+ MR+ EV-5}
 16996 | Lair:4   | XOM: scenery: create altars
 17002 | Lair:4   | XOM: 2-stop teleportation journey
 17026 | Lair:4   | XOM: summons 3 friendly demons
 17032 | Lair:4   | XOM: polymorph white imp -> quasit
 17367 | Lair:4   | XOM: give mutations
 17367 | Lair:4   | Gained mutation: You are somewhat resistant to further
                  | mutation. [Xom's grace]
 17367 | Lair:4   | Gained mutation: You are robust. (+10% HP) [Xom's grace]
 17367 | Lair:4   | Gained mutation: Your muscles are strong. (Str +2) [Xom's
                  | grace]
 17367 | Lair:4   | Gained mutation: You have a pair of horns on your head.
                  | [Xom's grace]
 17499 | Lair:4   | Found a shimmering blue altar of Sif Muna.
 17622 | Lair:5   | Noticed Rupert
 17638 | Lair:5   | XOM: confuse monster(s)
 17677 | Lair:4   | XOM: give mutations
 17677 | Lair:4   | Gained mutation: You expend magic power (3 MP) to
                  | strengthen your wands. [Xom's grace]
 17677 | Lair:4   | Gained mutation: You are resistant to hostile enchantments.
                  | (MR+) [Xom's grace]
 17677 | Lair:4   | Gained mutation: You are partially covered in rugged brown
                  | scales. (AC +1, +3% HP) [Xom's grace]
 17713 | Lair:5   | Found a viscous altar of Jiyva.
 17713 | Lair:5   | Found a staircase to the Slime Pits.
 17883 | Lair:5   | XOM: potion effect (haste)
 17945 | Lair:5   | Killed Rupert
 18017 | Lair:5   | Found a runed translucent door.
 18018 | Lair:5   | Noticed kosoiffoigrumme1174's ghost (journeyman TrAc)
 18188 | Lair:5   | XOM: polymorph yak -> shining eye
 18193 | Lair:5   | XOM: fog
 18367 | Lair:5   | XOM: harmless Air miscast
 18651 | Lair:6   | Entered Level 6 of the Lair of Beasts
 18765 | Lair:6   | Received a gift from Okawaru
 18810 | Lair:6   | XOM: 4-stop teleportation journey
 18834 | Lair:6   | XOM: fog
 18866 | Lair:6   | XOM: severe Erth miscast
 19008 | Lair:6   | XOM: blink monster(s)
 19023 | Lair:6   | XOM: divination: detect items
 19029 | Lair:6   | XOM: scenery: create altars
 19036 | Lair:6   | XOM: cast spell 'Necromutation'
 19042 | Lair:6   | XOM: summons 3 friendly demons
 19404 | Lair:6   | Reached XP level 15. HP: 161/161 MP: 23/23
 19461 | Lair:6   | XOM: enchant monster (good)
 19465 | Lair:6   | XOM: god gift: 820 gold pieces
 19485 | Lair:6   | XOM: confuse monster(s)
 19549 | Lair:6   | XOM: divination: detect creatures
 19627 | Lair:6   | XOM: summons friendly crimson imp
 19628 | Lair:6   | XOM: swap monsters
 19705 | Lair:6   | XOM: noise
 19723 | Lair:6   | Identified the Reference Book on Intoxication and
                  | Conjuration
 19728 | Lair:6   | Got a twisted battleaxe
 19735 | Lair:6   | Identified the +4 battleaxe "Zoubazocke" {chop, Int+6} (You
                  | found it on level 6 of the Lair of Beasts)
 20136 | Orc      | Entered the Orcish Mines
 20212 | Orc      | Found Xont's Magic Scroll Shoppe.
 20212 | Orc      | Found a gate leading to a gauntlet.
 20212 | Orc      | XOM: 5-stop teleportation journey
 20225 | Orc      | Noticed an orc warlord
 20231 | Orc      | Found Baemno Igoci's Antique Weapon Shop.
 20239 | Orc      | XOM: summons 2 hostile shadow creatures
 20253 | Orc      | XOM: 5-stop teleportation journey
 20341 | Orc      | XOM: cleaving
 20348 | Orc      | Paralysed by an orc sorcerer for 4 turns
 20350 | Orc      | XOM: cleaving
 20353 | Orc      | Killed an orc warlord
 20371 | Orc      | XOM: divination: detect items
 20403 | Orc      | Found Qogeong's Assorted Antiques.
 20482 | Orc      | Bought a potion of agility for 156 gold pieces
 20531 | Orc      | XOM: 1-stop teleportation journey
 20595 | Orc      | Found a roughly hewn altar of Beogh.
 20617 | Orc      | Found a staircase to the Elven Halls.
 20650 | Orc      | XOM: give mutations
 20650 | Orc      | Gained mutation: You are partially covered in thin metallic
                  | scales. (AC +2) [Xom's grace]
 20650 | Orc      | Gained mutation: You possess an exceptional clarity of
                  | mind. [Xom's grace]
 20763 | Orc      | Found Vailaunk's Antique Armour Boutique.
 20764 | Orc      | Found a roughly hewn altar of Beogh.
 20864 | Orc      | XOM: give mutations
 20864 | Orc      | Gained mutation: Your mind is acute. (Int +2) [Xom's grace]
 20864 | Orc      | Gained mutation: You are agile. (Dex +2) [Xom's grace]
 20864 | Orc      | Gained mutation: You are highly resistant to hostile
                  | enchantments. (MR++) [Xom's grace]
 20864 | Orc      | Gained mutation: You are covered in thick fur. (AC +2)
                  | [Xom's grace]
 20906 | Orc      | Received a gift from Okawaru
 20956 | Orc      | Bought 3 scrolls of teleportation for 108 gold pieces
 21038 | Orc      | XOM: divination: detect creatures
 21082 | Orc      | Found a roughly hewn altar of Beogh.
 21114 | Orc      | Found Teozxyth's Armour Emporium.
 21258 | Orc      | XOM: mild Summ miscast
 21289 | Orc      | Found a roughly hewn altar of Beogh.
 21315 | Orc      | Found Ikiniur's Book Boutique.
 21529 | Spider:1 | Entered Level 1 of the Spider Nest
 21627 | Spider:1 | XOM: polymorph wolf spider -> deep troll
 21638 | Spider:1 | Found a transporter.
 21639 | Spider:1 | XOM: cast spell 'Summon Ice Beast'
 21642 | Spider:1 | Noticed Galewind's ghost (adept AvCj)
 21645 | Spider:1 | XOM: harmless Conj miscast
 21684 | Spider:1 | Found a transporter.
 21696 | Spider:1 | Found the +10 Black Knight's horse barding {ponderous,
                  | rPois rN+}
 21758 | Spider:1 | XOM: polymorph wolf spider -> shock serpent
 21771 | Spider:1 | XOM: potion effect (magic)
 21970 | Spider:1 | Noticed a ghost moth
 21975 | Spider:1 | Killed a ghost moth
 21976 | Spider:1 | Reached skill level 10 in Evocations
 22087 | Temple   | Fell from the grace of Okawaru
 22087 | Temple   | Became a worshipper of the Shining One
 22285 | Spider:1 | Identified a scroll of acquirement
 22328 | Spider:1 | XOM: medium Fire miscast
 22399 | Spider:2 | XOM: cast spell 'Summon Hydra'
 22455 | Spider:2 | XOM: cast spell 'Leda's Liquefaction'
 22457 | Spider:2 | XOM: cast spell 'Monstrous Menagerie'
 22590 | Spider:2 | XOM: summons 2 friendly demons
 22603 | Spider:2 | Found a one-way gate to the infinite horrors of the Abyss.
 22607 | Spider:2 | Found a corrupted altar of Lugonu.
 22691 | Spider:2 | Reached * piety under the Shining One
 22701 | Spider:2 | XOM: blink monster(s)
 23022 | Spider:3 | Entered Level 3 of the Spider Nest
 23041 | Spider:2 | XOM: smoke on damage
 23079 | Spider:3 | XOM: smoke on damage
 23083 | Spider:2 | XOM: give mutation
 23083 | Spider:2 | Gained mutation: You passively map the area around you.
                  | [Xom's grace]
 23137 | Spider:3 | Mutation became permanent: Your flesh is cold resistant.
                  | (rC+) [Troll growth]
 23137 | Spider:3 | Gained mutation: Your flesh is cold resistant. (rC+) [Troll
                  | growth]
 23137 | Spider:3 | Reached XP level 16. HP: 143/171 MP: 24/24
 23218 | Spider:3 | XOM: 4-stop teleportation journey
 23281 | Spider:3 | XOM: destruction
 23285 | Spider:3 | XOM: fake destruction
 23355 | Spider:3 | XOM: confuse monster(s)
 23360 | Spider:3 | XOM: cleaving
 23411 | Spider:3 | XOM: fog
 23459 | Spider:3 | XOM: enchant monster (bad)
 23483 | Spider:3 | XOM: 1-stop teleportation journey
 23524 | Spider:3 | XOM: cleaving
 23537 | Spider:3 | XOM: polymorph orb spider -> yak
 23772 | Spider:3 | XOM: confuse monster(s)
 23979 | Spider:3 | Got a gossamer rune of Zot
 24166 | Spider:3 | XOM: enchant monster (bad)
 24349 | Spider:3 | XOM: silly message
 24577 | Elf:1    | Entered Level 1 of the Elven Halls
 24589 | Elf:1    | XOM: noise
 24793 | Elf:1    | XOM: divination: magic mapping
 24794 | Elf:1    | XOM: cast spell 'Summon Butterflies'
 24805 | Elf:1    | XOM: noise
 24844 | Elf:1    | XOM: mild Ice miscast
 25040 | Elf:1    | XOM: cast spell 'Shadow Creatures'
 25153 | Elf:1    | XOM: noise
 25165 | Elf:1    | XOM: 2-stop teleportation journey
 25210 | Elf:1    | XOM: scenery: 1 doors close
 25222 | Elf:1    | XOM: give mutation
 25222 | Elf:1    | Gained mutation: Your flesh is very cold resistant. (rC++)
                  | [Xom's grace]
 25275 | Elf:1    | XOM: cast spell 'Summon Hydra'
 25308 | Elf:1    | XOM: scenery: 1 doors close
 25393 | Elf:1    | Found Finythynume's General Store.
 25396 | Elf:1    | Bought a scroll of blinking for 90 gold pieces
 25396 | Elf:1    | Bought a wand of charming (6) for 84 gold pieces
 25594 | Elf:1    | XOM: divination: detect items
 25761 | Elf:2    | Found Ishroexu's Armour Shop.
 25761 | Elf:2    | Noticed Jorgrun
 25774 | Elf:2    | Killed Jorgrun
 25791 | Elf:2    | Noticed Agnes
 25795 | Elf:2    | Killed Agnes
 25796 | Elf:2    | Reached XP level 17. HP: 161/178 MP: 21/25
 25846 | Elf:2    | XOM: summons friendly white imp
 25894 | Elf:2    | Noticed Donald
 25903 | Elf:2    | Killed Donald
 25914 | Elf:2    | XOM: enchant monster (good)
 25923 | Elf:2    | XOM: fake destruction
 25933 | Elf:2    | XOM: cast spell 'Statue Form'
 25963 | Elf:2    | XOM: summons friendly shadow imp
 25982 | Elf:2    | XOM: scenery: create altars
 25995 | Elf:2    | XOM: polymorph deep elf mage -> elephant
 25996 | Elf:2    | XOM: confuse monster(s)
 26008 | Elf:2    | XOM: mild Ice miscast
 26022 | Elf:2    | XOM: silly message
 26026 | Elf:2    | XOM: noise
 26035 | Elf:2    | HP: 8/178 [poisoned by a +4 halberd of venom]
 26295 | Elf:2    | Found a runed gate.
 26296 | Elf:2    | Found a runed gate.
 26297 | Elf:2    | Found a runed gate.
 26327 | Elf:2    | XOM: mild Conj miscast
 26336 | Elf:2    | XOM: potion effect (agility)
 26381 | Elf:2    | Reached skill level 15 in Evocations
 26395 | Elf:2    | XOM: potion effect (heal wounds)
 26425 | Elf:2    | XOM: noise
 26648 | Temple   | Fell from the grace of the Shining One
 26648 | Temple   | Became a worshipper of Warmaster Okawaru
 26758 | Orc      | XOM: medium Chrm miscast
 26916 | Elf:2    | XOM: confuse monster(s)
 27002 | Elf:2    | XOM: medium Summ miscast
 27180 | Elf:2    | Found a runed translucent door.
 27186 | Elf:2    | Noticed Rofik's ghost (journeyman GnFi)
 27432 | Elf:2    | Killed Rofik's ghost
 27458 | Elf:2    | Identified the +8 hunting sling of Xettul {flame, *Drain
                  | rPois Int+4}
 27511 | Elf:3    | Entered Level 3 of the Elven Halls
 27577 | Elf:3    | XOM: summons 13 friendly demons
 27582 | Elf:3    | XOM: mild Hex miscast
 27591 | Elf:3    | XOM: polymorph iron imp -> quasit
 27592 | Elf:3    | Noticed a deep elf blademaster
 27603 | Elf:3    | XOM: summons 6 friendly demons
 27608 | Elf:3    | Noticed an Ice Fiend
 27609 | Elf:3    | Noticed a deep elf blademaster
 27612 | Elf:3    | XOM: butterfly on damage
 27617 | Elf:3    | Killed a deep elf blademaster
 27619 | Elf:3    | Killed a deep elf blademaster
 27768 | Elf:3    | XOM: enchant monster (bad)
 27998 | Elf:3    | XOM: enchant monster (bad)
 28004 | Elf:3    | XOM: blink monster(s)
 28030 | Elf:3    | XOM: fake destruction
 28053 | Elf:3    | XOM: give mutations
 28053 | Elf:3    | Lost mutation: Your system is resistant to poisons. (rPois)
                  | [Xom's mischief]
 28053 | Elf:3    | Lost mutation: You have a pair of horns on your head.
                  | [Xom's mischief]
 28100 | Elf:3    | XOM: polymorph deep elf mage -> death drake
 28109 | Elf:3    | XOM: give mutations
 28109 | Elf:3    | Lost mutation: Your spells are a little harder to cast, but
                  | a little more powerful. [Xom's mischief]
 28109 | Elf:3    | Lost mutation: Your magical capacity is low. (-10% MP)
                  | [Xom's mischief]
 28109 | Elf:3    | Lost mutation: You are covered in thick fur. (AC +2) [Xom's
                  | mischief]
 28191 | Elf:3    | XOM: medium Ice miscast
 28295 | Elf:3    | Found an ancient bone altar of Kikubaaqudgha.
 28305 | Elf:3    | XOM: severe Erth miscast
 28395 | Elf:3    | XOM: polymorph deep elf knight -> snapping turtle
 28653 | Elf:3    | XOM: harmless Air miscast
 28690 | Elf:3    | Noticed a deep elf master archer
 28698 | Elf:3    | XOM: cast spell 'Leda's Liquefaction'
 28809 | Elf:3    | Killed a deep elf master archer
 28869 | Elf:3    | XOM: chaos upgrade
 28971 | Elf:3    | XOM: mild Necr miscast
 29098 | Elf:3    | XOM: enchant monster (bad)
 29103 | Elf:3    | Reached XP level 18. HP: 175/192 MP: 29/29
 29125 | Elf:3    | Noticed a Brimstone Fiend
 29131 | Elf:3    | XOM: enchant monster (bad)
 29141 | Elf:3    | XOM: polymorph deep elf sorcerer -> iron troll
 29161 | Elf:3    | XOM: mild Pois miscast
 29174 | Elf:3    | XOM: potion effect (might)
 29307 | Elf:3    | XOM: divine lightning
 29388 | Elf:3    | Identified the +11 mace of Ru {venom, rN+ Dex+5}
 29398 | Elf:3    | XOM: divine lightning
 29409 | Elf:3    | XOM: noise
 29446 | Elf:3    | XOM: medium Conj miscast
 29457 | Elf:3    | Reached skill level 10 in Unarmed Combat
 29502 | Elf:3    | Found the +6 lightning scales {run, rElec}
 29515 | Elf:3    | Identified the +5 shortbow "Acarineslayer" {venom, Str+4}
 29520 | Elf:3    | XOM: summons friendly orange demon
 29623 | Elf:3    | Identified the Compendium of Ensnaring Good Luck
 29704 | Elf:3    | XOM: mild Chrm miscast
 30408 | Snake:1  | Entered Level 1 of the Snake Pit
 30697 | Snake:1  | Reached skill level 10 in Fighting
 30849 | Snake:1  | XOM: swap monsters
 31023 | Snake:1  | XOM is BORED!
 31146 | Snake:1  | Found an ornate altar of the Wu Jian Council.
 31311 | Snake:1  | Noticed Azrael
 31313 | Snake:1  | XOM: enchant monster (good)
 31328 | Snake:1  | Killed Azrael
 31336 | Snake:1  | Received a gift from Okawaru
 31405 | Snake:1  | Noticed Aizul
 31408 | Snake:1  | XOM: summons friendly iron imp
 31421 | Snake:1  | Killed Aizul
 31459 | Snake:1  | Found Ocithrado's Jewellery Shop.
 31460 | Snake:1  | Found Pibef's Gadget Emporium.
 31461 | Snake:1  | Found Less's Jewellery Shop.
 31469 | Snake:1  | Bought a wand of acid (2) for 102 gold pieces
 31469 | Snake:1  | Bought a wand of scattershot (4) for 255 gold pieces
 31469 | Snake:1  | Bought a wand of scattershot (2) for 153 gold pieces
 31469 | Snake:1  | Bought a wand of clouds (5) for 306 gold pieces
 31469 | Snake:1  | Bought a wand of iceblast (11) for 306 gold pieces
 31709 | Snake:2  | XOM: silly message
 31722 | Snake:2  | XOM: 1-stop teleportation journey
 31728 | Snake:2  | XOM: snakes to sticks
 31815 | Snake:2  | Identified the cursed +0 buckler of Ociycs {rF++ rN+ Int+4}
 31825 | Snake:2  | XOM: blink monster(s)
 31847 | Snake:2  | XOM: scenery: create altars
 31955 | Snake:2  | XOM: 2-stop teleportation journey
 32221 | Snake:2  | XOM: divination: detect items
 32445 | Snake:3  | Entered Level 3 of the Snake Pit
 32535 | Snake:3  | XOM: fog
 32540 | Snake:3  | XOM: 2-stop teleportation journey
 32603 | Snake:3  | Found Reghercha's Assorted Antiques.
 32611 | Snake:3  | XOM: mild Necr miscast
 32618 | Snake:3  | Bought a potion of haste for 270 gold pieces
 32618 | Snake:3  | Bought a scroll of blinking for 202 gold pieces
 32651 | Snake:3  | XOM: harmless Conj miscast
 32655 | Snake:3  | XOM: scenery: create altars
 32659 | Snake:3  | XOM: polymorph naga -> crocodile
 32660 | Snake:3  | Reached XP level 19. HP: 204/211 MP: 24/30
 32678 | Snake:3  | XOM: enchant monster (good)
 32746 | Snake:3  | XOM: silly message
 32902 | Snake:3  | Noticed Roxanne
 32911 | Snake:3  | XOM: scenery: create altars
 32930 | Snake:3  | XOM: 4-stop teleportation journey
 32986 | Snake:3  | XOM: polymorph nagaraja -> alligator
 33019 | Snake:3  | XOM: scenery: create altars
 33108 | Snake:3  | XOM: summons friendly shadow imp
 33226 | Snake:3  | XOM: god gift: staff of wizardry
 33556 | Snake:3  | XOM: scenery: create altars
 33557 | Snake:3  | XOM: enchant monster (good)
 33595 | Snake:3  | XOM: summons 14 friendly demons
 33625 | Snake:3  | XOM: give mutation
 33625 | Snake:3  | Gained mutation: You have supernaturally acute eyesight.
                  | (SInv) [Xom's grace]
 33699 | Snake:3  | Got a serpentine rune of Zot
 33799 | Snake:3  | Killed Roxanne
 33815 | Snake:3  | Learned a level 6 spell: Statue Form
 33824 | Snake:3  | Learned a level 8 spell: Necromutation
 34146 | D:11     | Identified the +2 falchion of the Thieving Dove {slice,
                  | *Rage Dex+7 Stlth+} (You found it on level 11 of the
                  | Dungeon)
 34169 | Vaults:1 | Entered Level 1 of the Vaults
 34247 | Vaults:1 | Noticed a juggernaut
 34267 | Vaults:1 | Identified the cursed +0 flail of the Lost Wishes {vamp,
                  | rElec rPois}
 34273 | Vaults:1 | Killed a juggernaut
 34276 | Vaults:1 | XOM: cast spell 'Necromutation'
 34288 | Vaults:1 | Received a gift from Okawaru
 34366 | Vaults:1 | Identified the ring "Popnau" {Str+2 Stlth--}
 34379 | Vaults:1 | Identified the Guide on the Compass and Conjuration
 34445 | Vaults:1 | XOM: polymorph red very ugly thing -> sphinx
 34456 | Vaults:1 | XOM: summons friendly white imp
 34767 | D:11     | XOM: mild Necr miscast
 34928 | Vaults:1 | Noticed Bai Suzhen
 34940 | Vaults:1 | XOM: summons friendly crimson imp
 34952 | Vaults:1 | Killed Bai Suzhen
 35019 | Vaults:1 | XOM: summons 2 friendly demons
 35131 | Vaults:1 | Found a staircase to the Crypt.
 35131 | Vaults:1 | Found an ancient bone altar of Kikubaaqudgha.
 35132 | Vaults:1 | Found a basalt altar of Yredelemnul.
 35209 | Vaults:1 | XOM: mild Tloc miscast
 35278 | Vaults:1 | XOM: fog
 35297 | Vaults:1 | XOM: polymorph slime creature -> snapping turtle
 35565 | Vaults:1 | XOM: confuse monster(s)
 35577 | Vaults:1 | XOM: cast spell 'Summon Scorpions'
 35799 | Vaults:1 | XOM: potion effect (agility)
 35859 | Vaults:1 | Found Guonab's Antique Weapon Shop.
 35881 | Vaults:1 | XOM: summons 5 friendly demons
 36117 | Vaults:2 | Gained mutation: Your flesh is heat resistant. (rF+) [Troll
                  | growth]
 36117 | Vaults:2 | Reached XP level 20. HP: 218/228 MP: 31/31
 36208 | Vaults:2 | Received a gift from Okawaru
 36275 | Vaults:2 | XOM: medium Summ miscast
 36387 | Vaults:2 | XOM: potion effect (agility)
 36598 | Vaults:2 | Reached skill level 15 in Unarmed Combat
 36643 | Vaults:2 | Found Segh's Antique Weapon Boutique.
 36716 | Vaults:2 | XOM: god gift: wand of charming (5)
 36840 | Vaults:2 | XOM: confuse monster(s)
 37141 | Vaults:2 | XOM: mild Conj miscast
 37217 | Vaults:2 | Received a gift from Okawaru
 37500 | Vaults:3 | Entered Level 3 of the Vaults
 37505 | Vaults:2 | XOM: enchant monster (bad)
 37521 | Vaults:2 | XOM: repel stairs
 37655 | Vaults:2 | XOM: enchant monster (good)
 37656 | Vaults:2 | XOM: confuse monster(s)
 37693 | Vaults:2 | XOM: enchant monster (bad)
 37756 | Vaults:2 | XOM: summons 3 friendly demons
 37765 | Vaults:2 | XOM: 2-stop teleportation journey
 37793 | Vaults:2 | XOM: scenery: 3 doors close
 37874 | Vaults:2 | XOM: cloud trail
 37897 | Vaults:2 | XOM: confuse monster(s)
 37971 | Vaults:2 | XOM: god gift: box of beasts
 38008 | Vaults:2 | XOM: potion effect (curing)
 38027 | Vaults:2 | XOM: potion effect (brilliance)
 38161 | Vaults:3 | Reached skill level 15 in Fighting
 38220 | Vaults:3 | XOM: silly message
 38274 | Vaults:3 | XOM: harmless Hex miscast
 38280 | Vaults:3 | XOM: harmless Ice miscast
 38297 | Vaults:3 | XOM: chaos upgrade
 38303 | Vaults:3 | XOM: noise
 38320 | Vaults:3 | XOM: scenery: 2 doors open, 1 doors close
 38353 | Vaults:3 | XOM: summons 10 hostile demons
 38406 | Vaults:3 | Noticed a juggernaut
 38428 | Vaults:3 | Killed a juggernaut
 38428 | Vaults:3 | Received a gift from Okawaru
 38437 | Vaults:3 | Noticed a juggernaut
 38446 | Vaults:3 | XOM: summons 4 hostile shadow creatures
 38461 | Vaults:3 | Killed a juggernaut
 38484 | Vaults:3 | Noticed Mennas
 38489 | Vaults:3 | Reached XP level 21. HP: 84/246 MP: 18/32
 38497 | Vaults:3 | XOM: 2-stop teleportation journey
 38501 | Vaults:3 | XOM: polymorph deep elf death mage -> fire giant
 38523 | Vaults:3 | XOM: swap monsters
 38671 | Vaults:3 | Reached skill level 10 in Dodging
 38681 | Vaults:3 | XOM: summons 4 hostile shadow creatures
 38788 | Vaults:3 | Identified the +4 plate armour of Card Tricks {*Corrode
                  | +Blink Str-4 Dex+3}
 38859 | Vaults:3 | XOM: scenery: create altars
 38898 | Vaults:3 | Identified the +7 broad axe of Parts Unknown {venom, rF+++
                  | Int+3 Dex+2 SInv}
 38907 | Vaults:3 | XOM: cleaving
 38927 | Vaults:3 | XOM: summons 3 friendly demons
 38939 | Vaults:3 | Reached skill level 10 in Shields
 38956 | Vaults:3 | Identified the cursed +0 long sword of Impatience {slice,
                  | Int+2}
 39062 | Vaults:3 | XOM: cleaving
 39064 | Vaults:3 | XOM: cast spell 'Summon Scorpions'
 39105 | Vaults:3 | XOM: summons 7 friendly demons
 39109 | Vaults:3 | XOM: summons 3 friendly demons
 39115 | Vaults:3 | XOM: confuse monster(s)
 39120 | Vaults:3 | XOM: fog
 39123 | Vaults:3 | Identified the cursed +0 plate armour "Pelosoaw" {MR+ SInv}
 39136 | Vaults:3 | Killed Mennas
 39153 | Vaults:3 | Received a gift from Okawaru
 39181 | Vaults:3 | XOM: 1-stop teleportation journey
 39186 | Vaults:3 | XOM: 6-stop teleportation journey
 39211 | Vaults:3 | XOM: fog
 39251 | Vaults:3 | XOM: cast spell 'Olgreb's Toxic Radiance'
 39277 | Vaults:3 | Identified the Reference Book on Clay and Good Luck
 39299 | Vaults:3 | Got a silver rune of Zot
 39532 | Vaults:3 | XOM: noise
 39533 | Vaults:3 | XOM: swap monsters
 39540 | Vaults:3 | XOM: noise
 39543 | Vaults:3 | XOM: cast spell 'Metabolic Englaciation'
 39544 | Vaults:3 | XOM: chaos cloud
 39545 | Vaults:3 | XOM: swap monsters
 39546 | Vaults:3 | XOM: noise
 39548 | Vaults:3 | Paralysed by you for 4 turns
 39552 | Vaults:3 | XOM: enchant monster (good)
 39556 | Vaults:3 | XOM: divination: detect items
 39567 | Vaults:3 | XOM: divination: detect items
 39570 | Vaults:3 | XOM: summons friendly ufetubus
 39572 | Vaults:3 | XOM: divination: magic mapping
 39575 | Vaults:3 | XOM: potion effect (agility)
 39590 | Vaults:3 | XOM: destruction
 39597 | Vaults:3 | Identified the ring "Ziurph" {Fire *Corrode Str+2 Dex+4}
 39598 | Vaults:3 | XOM: destruction
 39604 | Vaults:3 | Reached XP level 22. HP: 101/256 MP: 15/33
 39604 | Vaults:3 | Received a gift from Okawaru
 39604 | Vaults:3 | XOM: divination: detect creatures
 39866 | Vaults:3 | XOM: summons friendly shadow imp
 39879 | Vaults:3 | XOM: confuse monster(s)
 39913 | Vaults:3 | XOM: noise
 40038 | Vaults:3 | Identified the Guide on Attacks and Curses
 40063 | Vaults:3 | XOM: god gift: 131 arrows
 40088 | Vaults:3 | XOM: give mutations
 40088 | Vaults:3 | Gained mutation: Your flesh is very heat resistant. (rF++)
                  | [Xom's grace]
 40088 | Vaults:3 | Gained mutation: You are resistant to electric shocks.
                  | (rElec) [Xom's grace]
 40088 | Vaults:3 | Gained mutation: Your flesh is almost immune to the effects
                  | of cold. (rC+++) [Xom's grace]
 40091 | Vaults:3 | XOM: scenery: create altars
 40252 | Vaults:3 | XOM: give mutations
 40252 | Vaults:3 | Gained mutation: Your flesh is almost immune to the effects
                  | of heat. (rF+++) [Xom's grace]
 40252 | Vaults:3 | Gained mutation: You are mostly covered in thin metallic
                  | scales. (AC +3) [Xom's grace]
 40678 | Depths:1 | Entered Level 1 of the Depths
 40683 | Depths:1 | Found a gateway to Hell.
 40699 | Depths:1 | XOM: enchant monster (good)
 40703 | Depths:1 | XOM: cast spell 'Time Stop'
 40831 | Depths:1 | XOM: destruction
 40840 | Depths:1 | XOM: scenery: 1 doors open, 3 doors close
 40866 | Depths:1 | XOM: potion effect (haste)
 40930 | Depths:1 | XOM: god gift: 93 arrows
 40981 | Depths:1 | XOM: summons friendly ufetubus
 40983 | Depths:1 | XOM: fog
 41023 | Depths:1 | Received a gift from Okawaru
 41133 | Depths:1 | XOM: fake destruction
 41144 | Depths:1 | XOM: scenery: create altars
 41146 | Depths:1 | XOM: destruction
 41218 | Depths:1 | XOM: scenery: create altars
 41235 | Depths:1 | XOM: cast spell 'Death Channel'
 41238 | Depths:1 | XOM: enchant monster (good)
 41561 | Depths:1 | XOM: harmless Chrm miscast
 41685 | Depths:1 | XOM: cloud trail
 41820 | Depths:1 | Found Enkic's Book Shop.
 41824 | Depths:1 | Found Poploef's Armour Boutique.
 41824 | Depths:1 | Found Bapixt's Book Shop.
 41829 | Depths:1 | Found Jejeuv's Jewellery Boutique.
 41835 | Depths:1 | Bought the ring "Leefov" {+Fly rN+} for 394 gold pieces
 41846 | Depths:1 | Found a gateway to a ziggurat.
 41851 | Depths:1 | XOM: confuse monster(s)
 41925 | Depths:1 | XOM: divination: magic mapping
 42057 | Depths:1 | XOM: blink monster(s)
 42205 | Depths:1 | XOM: torment (142/256 hp)
 42378 | Depths:1 | Found a one-way gate leading to the halls of Pandemonium.
 42577 | Depths:2 | XOM: noise
 42591 | Depths:2 | Identified the +0 large shield "Quacae" {rF+ MP+9 Int+3
                  | Dex-3} (Okawaru gifted it to you on level 2 of the Depths)
 42591 | Depths:2 | Received a gift from Okawaru
 42684 | Depths:2 | XOM: harmless Ice miscast
 42778 | Depths:2 | XOM: give mutation
 42778 | Depths:2 | Gained mutation: You are extremely resistant to the effects
                  | of hostile enchantments. (MR+++) [Xom's grace]
 42992 | Depths:2 | XOM: 1-stop teleportation journey
 43042 | Depths:2 | XOM: fog
 43071 | Depths:2 | Found a runed door.
 43205 | Depths:2 | XOM: 2-stop teleportation journey
 43463 | Depths:2 | XOM: enchant monster (bad)
 43600 | Depths:2 | XOM: divination: magic mapping
 43642 | Depths:2 | XOM: give mutations
 43642 | Depths:2 | Lost mutation: You are agile. (Dex +2) [Xom's mischief]
 43642 | Depths:2 | Lost mutation: You are extremely resistant to the effects
                  | of hostile enchantments. (MR+++) [Xom's mischief]
 43718 | Depths:2 | XOM: medium Pois miscast
 43949 | Depths:2 | Identified the cursed +1 chain mail of the Game Afoot {rF-
                  | rN+ Stlth+}
 44249 | Depths:3 | XOM: mild Tmut miscast
 44251 | Depths:3 | XOM: chaos upgrade
 44255 | Depths:3 | XOM: blink monster(s)
 44261 | Depths:3 | XOM: medium Air miscast
 44269 | Depths:3 | Reached XP level 23. HP: 197/265 MP: 34/34
 44336 | Depths:3 | XOM: give mutations
 44336 | Depths:3 | Lost mutation: You have a pair of small horns on your head.
                  | [Xom's mischief]
 44336 | Depths:3 | Lost mutation: Your flesh is almost immune to the effects
                  | of heat. (rF+++) [Xom's mischief]
 44336 | Depths:3 | Lost mutation: Your mind is acute. (Int +2) [Xom's
                  | mischief]
 44336 | Depths:3 | Lost mutation: You possess an exceptional clarity of mind.
                  | [Xom's mischief]
 44350 | Depths:3 | Identified the ring "Iclo" {rF++ rN++ Str-2 Slay+4} (You
                  | acquired it on level 3 of the Depths)
 44480 | Depths:3 | Noticed Frederick
 44492 | Depths:3 | Killed Frederick
 44501 | Depths:3 | XOM: 3-stop teleportation journey
 44582 | Depths:3 | XOM: summons 4 hostile shadow creatures
 44856 | Depths:3 | XOM: scenery: 1 doors open, 1 doors close
 44856 | Depths:3 | Noticed Saint Roka
 44872 | Depths:3 | Killed Saint Roka
 44911 | Depths:3 | XOM: cast spell 'Summon Mana Viper'
 44949 | Depths:3 | Received a gift from Okawaru
 45190 | Depths:3 | XOM: confusion
 45318 | Depths:3 | XOM: give mutation
 45318 | Depths:3 | Gained mutation: You have a pair of small horns on your
                  | head. [Xom's grace]
 45367 | Depths:3 | XOM: 1-stop teleportation journey
 45439 | Depths:3 | XOM: give mutation
 45439 | Depths:3 | Gained mutation: Your muscles are very strong. (Str +4)
                  | [Xom's grace]
 45554 | Depths:3 | XOM: harmless Summ miscast
 45672 | Depths:4 | Noticed an ancient lich
 45679 | Depths:4 | XOM: summons 3 friendly demons
 45691 | Depths:4 | Killed an ancient lich
 45851 | Depths:4 | XOM: god gift: wand of clouds (10)
 45873 | Depths:4 | XOM: silly message
 45895 | Depths:4 | Noticed a caustic shrike
 45901 | Depths:4 | Killed a caustic shrike
 45902 | Depths:4 | Reached skill level 15 in Dodging
 45936 | Depths:4 | XOM: confuse monster(s)
 45943 | Depths:4 | Noticed a juggernaut
 45953 | Depths:4 | Killed a juggernaut
 45960 | Depths:4 | Received a gift from Okawaru
 46080 | Depths:4 | XOM: silly message
 46093 | Depths:4 | XOM: divination: detect items
 46135 | Depths:4 | Noticed a caustic shrike
 46144 | Depths:4 | Killed a caustic shrike
 46148 | Depths:4 | Noticed an ancient lich
 46150 | Depths:4 | Noticed a Killer Klown
 46153 | Depths:4 | Identified the amulet of Iria {Acrobat Int+3 Dex+2}
 46157 | Depths:4 | Killed a Killer Klown
 46160 | Depths:4 | Killed an ancient lich
 46179 | Depths:4 | Identified the +6 scimitar of the Tundras {flame, MR+
                  | Int+4}
 46309 | Depths:4 | XOM: harmless Chrm miscast
 46575 | Depths:4 | XOM: medium Summ miscast
 46692 | Depths:4 | Found Inezom's Gadget Emporium.
 46692 | Depths:4 | Noticed Louise
 46702 | Depths:4 | Killed Louise
 46703 | Depths:4 | Reached XP level 24. HP: 275/275 MP: 24/34
 46710 | Depths:4 | XOM: silly message
 46730 | Depths:4 | Bought a wand of iceblast (8) for 283 gold pieces
 46730 | Depths:4 | Bought a wand of acid (3) for 168 gold pieces
 46730 | Depths:4 | Bought a wand of acid (8) for 378 gold pieces
 46876 | Depths:4 | XOM: scenery: create altars
 47008 | Depths:5 | Entered Level 5 of the Depths
 47043 | Depths:5 | XOM: divination: magic mapping
 47072 | Depths:5 | XOM: cloud trail
 47087 | Depths:5 | Reached skill level 15 in Shields
 47100 | Depths:5 | Identified the cursed +1 chain mail of Proximity {rElec rF-
                  | Str+7 Int+2}
 47182 | Depths:5 | XOM: divination: magic mapping
 47183 | Depths:5 | XOM: potion effect (haste)
 47189 | Depths:5 | XOM: enchant monster (good)
 47338 | Depths:5 | XOM: 2-stop teleportation journey
 47353 | Depths:5 | Received a gift from Okawaru
 47356 | Depths:5 | XOM: silly message
 47391 | Depths:5 | XOM: cloud trail
 47639 | Depths:5 | XOM: 2-stop teleportation journey
 47682 | Depths:5 | XOM: smoke on damage
 48022 | Depths:5 | XOM: god gift: 42 gold pieces
 48051 | Depths:5 | XOM: divination: detect items
 48128 | Depths:5 | XOM: cloud trail
 48246 | Depths:5 | Found a gate to the Realm of Zot.
 48362 | Depths:5 | XOM: potion effect (haste)
 48370 | Depths:5 | XOM: summons friendly shadow imp
 48378 | Depths:5 | XOM: mild Hex miscast
 48468 | Depths:5 | XOM: medium Fire miscast
 48557 | Zot:1    | Entered Level 1 of the Realm of Zot
 48589 | Zot:1    | XOM: harmless Ice miscast
 48594 | Zot:1    | XOM: summons friendly white imp
 48599 | Zot:1    | XOM: blink monster(s)
 48606 | Zot:1    | XOM: cast spell 'Summon Scorpions'
 48610 | Zot:1    | Identified the -3 hat of Okawaru {rF- rC+++ rN+ Int+4}
                  | (Okawaru gifted it to you on level 1 of the Realm of Zot)
 48610 | Zot:1    | Received a gift from Okawaru
 48728 | Zot:1    | Noticed an orb of fire
 48777 | Zot:1    | XOM: summons 2 friendly demons
 48819 | Zot:1    | XOM: god gift: 52 gold pieces
 48859 | Zot:1    | XOM: mild Fire miscast
 48896 | Zot:1    | XOM: fog
 48956 | Zot:1    | Found a transporter.
 48956 | Zot:1    | Found a transporter.
 49072 | Zot:1    | Noticed a golden dragon
 49072 | Zot:1    | XOM: summons 14 friendly demons
 49096 | Zot:1    | XOM: fake destruction
 49099 | Zot:1    | Killed a golden dragon
 49121 | Zot:1    | XOM: confuse monster(s)
 49446 | Zot:2    | XOM: 2-stop teleportation journey
 49464 | Zot:2    | XOM: summons 16 friendly demons
 49465 | Zot:2    | XOM: silly message
 49483 | Zot:2    | Found a runed translucent door.
 49484 | Zot:2    | Noticed vcxz's ghost (legendary NaAc)
 49610 | Zot:2    | XOM: mild Tloc miscast
 49627 | Zot:2    | XOM: enchant monster (bad)
 49630 | Zot:2    | XOM: cleaving
 49697 | Zot:2    | XOM: confuse monster(s)
 49835 | Zot:2    | Noticed a golden dragon
 49838 | Zot:2    | XOM: confuse monster(s)
 49840 | Zot:2    | Noticed a golden dragon
 49846 | Zot:2    | Killed a golden dragon
 49847 | Zot:2    | XOM: noise
 49852 | Zot:2    | Killed a golden dragon
 49853 | Zot:2    | Reached XP level 25. HP: 291/291 MP: 28/34
 49867 | Zot:2    | Identified the +8 hunting sling of Yhesh {elec, Fragile MR-
                  | Int+3 Dex+10} (Okawaru gifted it to you on level 2 of the
                  | Realm of Zot)
 49867 | Zot:2    | Received a gift from Okawaru
 49868 | Zot:2    | XOM: summons 2 friendly demons
 49872 | Zot:2    | Noticed a golden dragon
 49892 | Zot:2    | XOM: confuse monster(s)
 49894 | Zot:2    | Killed a golden dragon
 50405 | Zot:2    | XOM: divination: magic mapping
 50434 | Zot:3    | Noticed a Killer Klown
 50437 | Zot:3    | XOM: divination: detect items
 50488 | Zot:3    | XOM: confuse monster(s)
 50491 | Zot:3    | XOM: noise
 50493 | Zot:3    | XOM: enchant monster (bad)
 50504 | Zot:3    | Killed a Killer Klown
 50621 | Zot:3    | XOM: summons friendly ufetubus
 50724 | Zot:3    | XOM: confuse monster(s)
 50737 | Zot:3    | XOM: enchant monster (bad)
 50791 | Zot:3    | Noticed a Killer Klown
 50804 | Zot:3    | Killed a Killer Klown
 50804 | Zot:3    | Received a gift from Okawaru
 50881 | Zot:3    | XOM: harmless Fire miscast
 50888 | Zot:3    | Noticed a golden dragon
 50903 | Zot:3    | Killed a golden dragon
 51083 | Zot:3    | XOM: medium Tloc miscast
 51181 | Zot:3    | XOM: enchant monster (good)
 51196 | Zot:3    | Noticed a golden dragon
 51202 | Zot:3    | XOM: enchant monster (good)
 51211 | Zot:3    | Killed a golden dragon
 51238 | Zot:3    | Identified the +3 chain mail "Asutacwyrph" {rF+}
 51457 | Zot:4    | Noticed a golden dragon
 51463 | Zot:4    | XOM: potion effect (invisibility)
 51466 | Zot:4    | Killed a golden dragon
 51565 | Zot:4    | Noticed a golden dragon
 51577 | Zot:4    | Killed a golden dragon
 51686 | Zot:4    | XOM: chaos upgrade
 51804 | Zot:4    | Received a gift from Okawaru
 51826 | Zot:4    | Noticed a golden dragon
 51827 | Zot:4    | XOM: harmless Pois miscast
 51831 | Zot:4    | XOM: divination: detect items
 51837 | Zot:4    | XOM: confuse monster(s)
 51841 | Zot:4    | XOM: potion effect (heal wounds)
 51843 | Zot:4    | Killed a golden dragon
 51879 | Zot:4    | Reached XP level 26. HP: 309/309 MP: 33/34
 51958 | Zot:4    | XOM: mild Necr miscast
 52131 | Zot:4    | XOM: noise
 52140 | Zot:4    | XOM: harmless Necr miscast
 52193 | Zot:4    | XOM: summons friendly white imp
 52360 | Zot:5    | Entered Level 5 of the Realm of Zot
 52452 | Zot:5    | XOM: cloud trail
 52476 | Zot:5    | XOM: confuse monster(s)
 52683 | Zot:5    | XOM: harmless Chrm miscast
 52717 | Zot:5    | XOM: stat loss: -1 Str (31/32)
 52813 | Zot:5    | XOM: cleaving
 52832 | Zot:5    | Noticed an ancient lich
 52865 | Zot:5    | Killed an ancient lich
 52886 | Zot:5    | Noticed a Killer Klown
 52900 | Zot:5    | Killed a Killer Klown
 52924 | Zot:5    | Noticed an orb of fire
 52934 | Zot:5    | XOM: potion effect (invisibility)
 52937 | Zot:5    | Killed an orb of fire
 52953 | Zot:5    | Identified the +3 mace of Recloddi {holy, rElec MR+++
                  | Str-5} (Okawaru gifted it to you on level 5 of the Realm of
                  | Zot)
 52953 | Zot:5    | Received a gift from Okawaru
 52965 | Zot:5    | Noticed an ancient lich
 52967 | Zot:5    | XOM: harmless Tloc miscast
 52975 | Zot:5    | Killed an ancient lich
 52983 | Zot:5    | Noticed an ancient lich
 52999 | Zot:5    | Killed an ancient lich
 53013 | Zot:5    | Noticed an orb of fire
 53018 | Zot:5    | Noticed a Killer Klown
 53020 | Zot:5    | XOM: give mutations
 53020 | Zot:5    | Lost mutation: You are resistant to electric shocks.
                  | (rElec) [Xom's mischief]
 53020 | Zot:5    | Lost mutation: Your flesh is very heat resistant. (rF++)
                  | [Xom's mischief]
 53020 | Zot:5    | Lost mutation: You expend magic power (3 MP) to strengthen
                  | your wands. [Xom's mischief]
 53020 | Zot:5    | Lost mutation: You passively map the area around you.
                  | [Xom's mischief]
 53024 | Zot:5    | XOM: blink monster(s)
 53037 | Zot:5    | Killed an orb of fire
 53040 | Zot:5    | XOM: confusion
 53049 | Zot:5    | Killed a Killer Klown
 53101 | Zot:5    | XOM: swap monsters
 53108 | Zot:5    | Noticed a Killer Klown
 53111 | Zot:5    | XOM: enchant monster (good)
 53203 | Zot:5    | Noticed an ancient lich
 53215 | Zot:5    | Was placed under penance by Okawaru
 53215 | Zot:5    | XOM: cast spell 'Chain of Chaos'
 53225 | Zot:5    | Killed an ancient lich
 53363 | Zot:5    | Noticed an orb of fire
 53385 | Zot:5    | XOM: enchant monster (good)
 53386 | Zot:5    | Killed an orb of fire
 53386 | Zot:5    | Was forgiven by Okawaru
 53477 | Zot:5    | Noticed an ancient lich
 53493 | Zot:5    | Killed an ancient lich
 53493 | Zot:5    | Received a gift from Okawaru
 53500 | Zot:5    | Killed a Killer Klown
 53550 | Zot:5    | Noticed a Killer Klown
 53561 | Zot:5    | Killed a Killer Klown
 53717 | Zot:5    | Noticed a Killer Klown
 53727 | Zot:5    | Killed a Killer Klown
 53728 | Zot:5    | Reached XP level 27. HP: 318/318 MP: 28/34
 53754 | Zot:5    | Noticed an orb of fire
 53773 | Zot:5    | XOM: summons 3 friendly demons
 53775 | Zot:5    | Gained mutation: Your magical capacity is low. (-10% MP)
                  | [an orb of fire]
 53777 | Zot:5    | Killed an orb of fire
 53827 | Zot:5    | XOM: scenery: create altars
 53853 | Zot:5    | XOM: god gift: wand of scattershot (12)
 53856 | Zot:5    | XOM: confuse monster(s)
 53867 | Zot:5    | XOM: cleaving
 53982 | Zot:5    | XOM: scenery: create altars
 54004 | Zot:5    | XOM: scenery: create altars
 54069 | Zot:5    | Got the Orb of Zot
 54098 | Zot:5    | XOM: fake destruction
 54139 | Zot:5    | XOM: 1-stop teleportation journey
 54347 | Depths:4 | XOM: god gift: wand of paralysis (19)
 54464 | Depths:3 | XOM: enchant monster (good)
 54480 | Depths:3 | XOM: cast spell 'Statue Form'
 54622 | D:12     | XOM: cloud trail
 54668 | D:10     | XOM: polymorph Executioner -> lorocyproca
 54779 | D:5      | Noticed Koomit the pandemonium lord
 54879 | D:4      | XOM: cleaving
 54906 | D:4      | Noticed Jywaq the pandemonium lord
 54907 | D:4      | XOM: confuse monster(s)
 54915 | D:4      | XOM: divination: detect items
 54916 | D:4      | XOM: potion effect (might)
 54963 | D:$      | Escaped with the Orb!

Skill      XL: |  1  2  3  4  5  6  7  8  9 10 11 12 13 14 15 16 17 18 19 20 21 22 23 24 25 26 27 |
---------------+----------------------------------------------------------------------------------+-----
Fighting       | 3 4 5 6 7 8 11 13 15 16 17 | 17.9
Unarmed Combat | 4 5 6 7 8 9 12 14 15 17 18 | 18.9
Dodging        | 3 5 6 7 8 9 12 14 15 17 18 | 18.3
Evocations     | 2 4 6 8 11 14 15 | 15.7
Shields        | 4 6 8 9 11 12 14 15 16 17 | 17.4
Invocations    | 8 13 15 17 | 17.0

Action                   |  1- 3 |  4- 6 |  7- 9 | 10-12 | 13-15 | 16-18 | 19-21 | 22-24 | 25-27 || total
-------------------------+-------+-------+-------+-------+-------+-------+-------+-------+-------++-------
Melee: Unarmed           |   129 |    86 |   172 |   558 |  1039 |  1126 |  1133 |  1192 |   678 ||  6113
       Headbutt          |     2 |    14 |    29 |   118 |   279 |   284 |   376 |   336 |   201 ||  1639
       Punch             |       |     1 |     4 |     4 |     1 |       |       |       |       ||    10
       Kick              |       |       |     5 |   177 |   454 |   450 |   529 |   581 |   317 ||  2513
       Quick blade       |       |       |       |    19 |       |       |       |       |       ||    19
       Hunting sling     |       |       |       |       |     2 |       |       |       |       ||     2
 Fire: Hunting sling     |       |    14 |    87 |   242 |   564 |   563 |   280 |   393 |   150 ||  2293
       Arbalest          |       |       |       |     3 |       |       |       |       |       ||     3
Invok: Heroism           |       |       |       |    16 |    18 |    31 |    32 |    44 |    26 ||   167
       Finesse           |       |       |       |       |    16 |     2 |    11 |     8 |    17 ||    54
       Divine Shield     |       |       |       |       |     2 |    15 |       |       |       ||    17
 Abil: Evoke Flight      |       |       |       |       |       |       |       |     1 |       ||     1
       Evoke Invisibilit |       |       |       |       |       |       |       |     2 |     3 ||     5
Evoke: Wand              |       |       |       |     2 |     8 |    53 |    15 |     5 |    10 ||    93
       Phial of floods   |       |       |       |       |     3 |     5 |     5 |     1 |     7 ||    21
       Lamp of fire      |       |       |       |       |     2 |     3 |     3 |     2 |     1 ||    11
       Box of beasts     |       |       |       |       |     1 |     1 |     2 |       |     5 ||     9
       Sack of spiders   |       |       |       |       |       |       |     2 |       |     6 ||     8
       Lightning rod     |       |       |       |       |       |       |       |     4 |     4 ||     8
  Use: Scroll            |       |       |     7 |    13 |    18 |     5 |     5 |     2 |    10 ||    60
       Potion            |       |       |     1 |       |     1 |     4 |     1 |     1 |     8 ||    16
 Stab: Confused          |     1 |       |       |     6 |     3 |     2 |    15 |     6 |    12 ||    45
       Petrified         |       |       |       |     5 |    15 |       |       |       |       ||    20
       Petrifying        |       |       |       |     1 |       |       |       |       |       ||     1
       Paralysed         |       |       |       |       |     2 |     2 |       |       |     1 ||     5
       Sleeping          |       |       |       |       |     1 |       |     1 |       |       ||     2
       Distracted        |       |       |       |       |       |     4 |     2 |     2 |     3 ||    11
       Invisible         |       |       |       |       |       |       |       |       |    15 ||    15
  Eat: Chunk             |    18 |    13 |    21 |    64 |   101 |   102 |    58 |    85 |    32 ||   494
       Ration            |       |       |       |     2 |       |       |     2 |     2 |     2 ||     8
Armor: Skin              |    26 |    22 |    87 |   161 |   363 |   345 |   234 |   198 |   119 ||  1555
Dodge: Dodged            |    58 |    30 |    96 |   237 |   426 |   411 |   304 |   356 |   161 ||  2079
Block: Medium shield     |       |       |       |   238 |  1053 |  1448 |   856 |  1011 |   455 ||  5061
       Reflection        |       |       |       |       |       |       |    52 |    88 |     5 ||   145
